[Event "Titled Tuesday Blitz November 01 Early 2022"]
[White "Hernandez Jimenez, Alexander Andres"]
[Black "Sernecki, Franciszek"]
[WhiteFideId "3900452"]
[BlackFideId "1169297"]
[WhiteElo "2098"]
[BlackElo "2209"]
[Result "1-0"]
[Round "03"]
[TimeControl "180+1"]
[Date "2022.11.02"]
[WhiteClock "0:00:04"]
[BlackClock "0:01:07"]

1. e4 e6 2. d4 d5 3. Nc3 Bb4 4. e5 Ne7 5. Bd2 c5 6. Nb5 Bxd2+ 7. Qxd2 O-O 8. f4 b6 9. Nf3 Ba6 10. c3 Nbc6 11. a4 Na5 12. Qd1 cxd4 13. Nfxd4 Bxb5 14. Bxb5 Rc8 15. O-O Nc4 16. Qe2 Nf5 17. Nxf5 exf5 18. Rfd1 Qh4 19. g3 Qg4 20. Qxg4 fxg4 21. Bxc4 dxc4 22. Rd7 Ra8 23. Rad1 a6 24. R1d6 Rfb8 25. Rc7 b5 26. a5 Rd8 27. Kf2 g6 28. Ke3 Rxd6 29. exd6 Rd8 30. Rc6 Kf8 31. Rxa6 Ke8 32. Kd4 Kd7 33. Rb6 Ke6 34. a6 Ra8 35. Kc5 f5 36. Kxb5 h5 37. Kc6 g5 38. Kb7 Rd8 39. a7 Rd7+ 40. Kb8 Rd8+ 41. Kc7 Rd7+ 42. Kb8 Rd8+ 43. Kb7 Rd7+ 44. Ka6 Rd8 45. Rb8 Rxd6+ 46. Kb5 Rd5+ 47. Kb4 Rd2 48. a8=Q Rxb2+ 49. Kxc4 Rxh2 50. Qc6+ Kf7 51. Rb7+ Kf8 52. Qc8# 1-0


[Site "https://www.chess.com"]

[Event "Titled Tuesday Blitz November 01 Early 2022"]
[White "Ibadov, Dashgyn"]
[Black "Mesa Cruz, Juan Carlos"]
[WhiteFideId "24107514"]
[BlackFideId "6423400"]
[WhiteElo "2208"]
[BlackElo "2059"]
[Result "1-0"]
[Round "03"]
[TimeControl "180+1"]
[Date "2022.11.02"]
[WhiteClock "0:00:08"]
[BlackClock "0:00:05"]

1. d4 Nf6 2. c4 e6 3. Nc3 Bb4 4. Qc2 O-O 5. Nf3 b6 6. Bg5 Ba6 7. e3 d6 8. Bd3 h6 9. Bh4 Nbd7 10. g4 Bb7 11. Qe2 e5 12. e4 exd4 13. Nxd4 Qe8 14. f3 Qe5 15. Nf5 Bxc3+ 16. bxc3 Rfe8 17. Kd2 Nc5 18. Bg3 Qe6 19. h4 Rad8 20. g5 Nfxe4+ 21. fxe4 Bxe4 22. Nd4 Qd7 23. gxh6 Bxd3 24. Qh5 Ne4+ 25. Kxd3 Nxg3 26. Qg5 g6 27. Qxg3 c5 28. h7+ Kxh7 29. h5 cxd4 30. hxg6+ Kg8 31. gxf7+ Kxf7 32. Raf1+ Ke7 33. Rh7+ Ke6 34. Qg4+ Ke5 35. Qe4# 1-0


[Site "https://www.chess.com"]

[Event "Titled Tuesday Blitz November 01 Early 2022"]
[White "Ibarra Jerez, Jose Carlos"]
[Black "Stoyanov, Tsvetan"]
[WhiteFideId "2226332"]
[BlackFideId "2917173"]
[WhiteElo "2627"]
[BlackElo "2349"]
[Result "1-0"]
[Round "03"]
[TimeControl "180+1"]
[Date "2022.11.01"]
[WhiteClock "0:01:19"]
[BlackClock "0:00:16"]

1. e4 c5 2. Nc3 Nc6 3. Nf3 e5 4. Bc4 Be7 5. d3 d6 6. O-O Nf6 7. Ng5 O-O 8. f4 h6 9. Nf3 Bg4 10. h3 Bxf3 11. Qxf3 Nd4 12. Qf2 Qd7 13. a4 Rab8 14. Kh2 a6 15. a5 Qc7 16. fxe5 dxe5 17. Qg3 Kh8 18. Rf2 Nh5 19. Qg4 Nf6 20. Qh4 Nd5 21. Qh5 Nf6 22. Rxf6 Bxf6 23. Bxh6 g6 24. Qg4 Bg7 25. Qh4 Kg8 26. Nd5 1-0


[Site "https://www.chess.com"]

[Event "Titled Tuesday Blitz November 01 Early 2022"]
[White "Iliaguev, Nisim"]
[Black "Yaniuk, Volodymyr"]
[WhiteFideId "2817276"]
[BlackFideId "14133083"]
[WhiteElo "2264"]
[BlackElo "2141"]
[Result "0-1"]
[Round "03"]
[TimeControl "180+1"]
[Date "2022.11.02"]
[WhiteClock "0:00:15"]
[BlackClock "0:00:07"]

1. d4 Nf6 2. g3 d5 3. Bg2 e6 4. Nf3 Be7 5. O-O O-O 6. c4 dxc4 7. Ne5 a5 8. Nxc4 c6 9. Nc3 Na6 10. a3 Nd5 11. e4 Nxc3 12. bxc3 b5 13. Ne5 Bb7 14. Rb1 Rb8 15. h4 b4 16. axb4 axb4 17. c4 c5 18. d5 exd5 19. exd5 Bd6 20. Nd3 Qc7 21. Bb2 Rbe8 22. h5 h6 23. Qg4 f6 24. Rbe1 Bc8 25. Qg6 Qf7 26. Be4 f5 27. Bf3 Qxg6 28. hxg6 Nb8 29. Be5 Bxe5 30. Nxe5 Rd8 31. Nf7 Rd7 32. Re5 Ra7 33. d6 Bd7 34. Re7 Ra6 35. Bd5 Bc6 36. Nxh6+ Kh8 37. Nf7+ Kg8 38. Be6 Ba8 39. Bd5 Bxd5 40. cxd5 c4 41. d7 Nxd7 42. Rxd7 c3 43. Rb7 Rxg6 44. Ne5 Rd6 45. Rxb4 Rxd5 46. Nf3 Rc8 47. Rbb1 Rd3 48. Kg2 Ra8 49. Rbc1 Ra2 50. Ne5 Rd5 51. Nc4 Rd3 52. Ne3 Rxe3 53. Rb1 Ree2 54. Rb8+ Kf7 55. Rc8 Rac2 56. Kf3 g5 57. Rc7+ Ke6 58. Rc6+ Kd5 59. Rc8 g4+ 60. Kg2 Ke4 61. Re8+ Kd3 62. Rc8 Rcd2 63. Rd8+ Kc2 64. Rb8 Rd1 65. Rb5 Rxf1 66. Kxf1 Rd2 67. Rxf5 Rd4 68. Ke2 Kb3 69. Rb5+ Kc2 70. f3 Rd2+ 71. Ke3 Rd3+ 72. Kf4 gxf3 73. Ke4 f2 74. Rf5 Rd2 75. g4 Kd1 76. g5 c2 77. g6 c1=Q 78. g7 Qc2+ 79. Ke5 Qxf5+ 80. Kxf5 Rd8 81. Kg6 f1=Q 82. Kh7 Qh3+ 0-1


[Site "https://www.chess.com"]

[Event "Titled Tuesday Blitz November 01 Early 2022"]
[White "Ivic, Velimir"]
[Black "Lewtak, Damian"]
[WhiteFideId "950122"]
[BlackFideId "1141724"]
[WhiteElo "2625"]
[BlackElo "2329"]
[Result "1-0"]
[Round "03"]
[TimeControl "180+1"]
[Date "2022.11.02"]
[WhiteClock "0:01:39"]
[BlackClock "0:01:12"]

1. e4 c5 2. Nf3 d6 3. d4 cxd4 4. Nxd4 Nf6 5. Nc3 Nc6 6. Bg5 e6 7. Qd2 a6 8. O-O-O Bd7 9. f3 Be7 10. Nxc6 Bxc6 11. Kb1 Rc8 12. Bd3 Qc7 13. h4 h6 14. Be3 h5 15. Bg5 b5 16. Ne2 e5 17. Ng3 g6 18. Nf1 d5 19. exd5 Nxd5 20. Bxe7 Qxe7 21. Be4 Rd8 22. Ne3 Nb4 23. Qc3 Bxe4 24. Rxd8+ Qxd8 25. Qxe5+ 1-0


[Site "https://www.chess.com"]

[Event "Titled Tuesday Blitz November 01 Early 2022"]
[White "Jakubowski, Krzysztof"]
[Black "Baches Garcia, Guillermo"]
[WhiteFideId "1112848"]
[BlackFideId "2209764"]
[WhiteElo "2373"]
[BlackElo "2453"]
[Result "1-0"]
[Round "03"]
[TimeControl "180+1"]
[Date "2022.11.02"]
[WhiteClock "0:00:29"]
[BlackClock "0:00:01"]

1. e4 c5 2. Nf3 d6 3. d4 cxd4 4. Nxd4 Nf6 5. Nc3 Nc6 6. Bg5 e6 7. Qd2 h6 8. Be3 Ng4 9. Nxc6 bxc6 10. Bf4 e5 11. Bg3 Be7 12. Bc4 O-O 13. O-O Bg5 14. Qd3 Qe7 15. Rad1 Rd8 16. h3 Nf6 17. Rfe1 Nh5 18. Bh2 Nf4 19. Qf3 Be6 20. Bb3 Bxb3 21. axb3 Ne6 22. Ra1 Nd4 23. Qd3 Rf8 24. Ne2 Ne6 25. Red1 Rfd8 26. Qc4 Qb7 27. Qa6 Qc7 28. b4 Rdb8 29. c3 Bd8 30. Bg3 Be7 31. Nc1 Rb6 32. Qc4 Rd8 33. Nb3 Bg5 34. Ra6 Rxa6 35. Qxa6 Bf4 36. Ra1 Bxg3 37. fxg3 Rd7 38. Kh2 Ng5 39. Na5 c5 40. b5 Nxe4 41. Nc6 Nf6 42. Qxa7 Qxa7 43. Nxa7 e4 44. Kg1 d5 45. b6 d4 46. cxd4 cxd4 47. Nc6 Nd5 48. Nxd4 Nxb6 49. Nf5 Rd2 50. b3 Nd5 51. Ra8+ Kh7 52. Rd8 e3 53. Nxe3 Nxe3 54. Rxd2 1-0


[Site "https://www.chess.com"]

[Event "Titled Tuesday Blitz November 01 Early 2022"]
[White "Jaracz, Pawel"]
[Black "Namitbir Singh Walia"]
[WhiteFideId "1102222"]
[BlackFideId "35071068"]
[WhiteElo "2459"]
[BlackElo "2239"]
[Result "1-0"]
[Round "03"]
[TimeControl "180+1"]
[Date "2022.11.02"]
[WhiteClock "0:00:41"]
[BlackClock "0:00:04"]

1. e4 c5 2. Nf3 Nc6 3. Nc3 g6 4. Bb5 Bg7 5. O-O e5 6. Bc4 Nge7 7. d3 O-O 8. a3 d6 9. Rb1 a6 10. b4 b5 11. Ba2 h6 12. Nd5 Kh7 13. Be3 Nd4 14. Nxd4 cxd4 15. Bd2 Bb7 16. c4 dxc3 17. Nxc3 d5 18. a4 d4 19. Ne2 f5 20. f3 Qd7 21. a5 f4 22. Nc1 Nc6 23. Nb3 Qe7 24. Nc5 Rfc8 25. Bd5 Nxa5 26. Nxb7 Nxb7 27. g3 fxg3 28. hxg3 Ra7 29. f4 Nd6 30. f5 Rf8 31. Qg4 gxf5 32. exf5 Qf6 33. Rbc1 Rc8 34. Be6 Rxc1 35. Rxc1 Re7 36. Rc6 1-0


[Site "https://www.chess.com"]

[Event "Titled Tuesday Blitz November 01 Early 2022"]
[White "Jaskolka, Tomasz"]
[Black "Izuzquiza Gonzalez, Javier"]
[WhiteFideId "1170791"]
[BlackFideId "3101029"]
[WhiteElo "2126"]
[BlackElo "2034"]
[Result "1-0"]
[Round "03"]
[TimeControl "180+1"]
[Date "2022.11.02"]
[WhiteClock "0:01:38"]
[BlackClock "0:01:25"]

1. e4 c5 2. Nf3 e6 3. d4 cxd4 4. Nxd4 a6 5. g3 Qc7 6. Bg2 Nf6 7. O-O Nc6 8. Nc3 Be7 9. Bf4 d6 10. Nxc6 bxc6 11. e5 Nd5 12. exd6 Bxd6 13. Bxd6 Qxd6 14. Ne4 Qc7 15. c4 Nb6 16. Nd6+ Ke7 17. c5 Nd5 18. b4 a5 19. b5 cxb5 20. Re1 Kd8 21. Bxd5 exd5 22. Qxd5 1-0


[Site "https://www.chess.com"]

[Event "Titled Tuesday Blitz November 01 Early 2022"]
[White "Jiganchine, Roman"]
[Black "Krishnan, Varun"]
[WhiteFideId "2603667"]
[BlackFideId "5054508"]
[WhiteElo "2310"]
[BlackElo "2508"]
[Result "0-1"]
[Round "03"]
[TimeControl "180+1"]
[Date "2022.11.02"]
[WhiteClock "0:00:33"]
[BlackClock "0:00:58"]

1. e4 g6 2. d4 Bg7 3. Nc3 d6 4. Be3 a6 5. Qd2 b5 6. a4 b4 7. Nd5 a5 8. h4 h5 9. O-O-O Bb7 10. f3 Qd7 11. Kb1 e6 12. Nf4 Qxa4 13. Bc4 Qd7 14. g4 hxg4 15. fxg4 Bxe4 16. Nge2 d5 17. Bd3 Bxh1 18. Rxh1 Nc6 19. h5 a4 20. Bb5 a3 21. Rf1 Nge7 22. hxg6 fxg6 23. Qd3 O-O 24. Nxg6 Rxf1+ 25. Nc1 a2+ 26. Ka1 Nxg6 27. Qxg6 Qf7 28. Qxf7+ Rxf7 29. Bxc6 Ra7 30. Bb5 Rf3 31. Bd2 Bxd4 32. Nxa2 Rfa3 33. c3 Rxa2+ 34. Kb1 b3 0-1


[Site "https://www.chess.com"]

[Event "Titled Tuesday Blitz November 01 Early 2022"]
[White "Jobava, Baadur"]
[Black "Zemlyanskii, Ivan"]
[WhiteFideId "13601520"]
[BlackFideId "24249971"]
[WhiteElo "2582"]
[BlackElo "2107"]
[Result "1-0"]
[Round "03"]
[TimeControl "180+1"]
[Date "2022.11.01"]
[WhiteClock "0:01:34"]
[BlackClock "0:00:03"]

1. b3 d5 2. Bb2 Nf6 3. d3 c5 4. Nd2 Nc6 5. e4 e5 6. Ngf3 Be7 7. g3 d4 8. Nc4 Qc7 9. a4 h6 10. h4 Be6 11. Bh3 Ng4 12. Nxd4 Nxd4 13. Bxd4 cxd4 14. Bxg4 Bxc4 15. bxc4 b6 16. O-O g6 17. h5 Bd6 18. Kg2 O-O 19. Qd2 g5 20. a5 f6 21. axb6 axb6 22. Qe2 Kg7 23. Be6 Qe7 24. Qg4 Rae8 25. Bd5 f5 26. exf5 Qf6 27. Be6 Re7 28. Qe4 Rc7 29. g4 Rd8 30. f3 Re8 31. Ra6 Bc5 32. Rfa1 Qe7 33. Kf1 Qd6 34. f6+ Kf8 35. f7 Rxe6 36. Ra8+ Kxf7 37. Qh7+ Kf6 38. Qg6+ Ke7 39. Qg7# 1-0


[Site "https://www.chess.com"]

[Event "Titled Tuesday Blitz November 01 Early 2022"]
[White "Johnson, Ben"]
[Black "Gokerkan, Cem Kaan"]
[WhiteFideId "2010917"]
[BlackFideId "6336760"]
[WhiteElo "2134"]
[BlackElo "2365"]
[Result "0-1"]
[Round "03"]
[TimeControl "180+1"]
[Date "2022.11.02"]
[WhiteClock "0:00:10"]
[BlackClock "0:00:40"]

1. Nf3 g6 2. e4 Bg7 3. d4 d6 4. Bc4 e6 5. Bg5 Ne7 6. Qe2 h6 7. Bh4 a6 8. a4 g5 9. Bg3 g4 10. Nh4 Bxd4 11. c3 Bf6 12. Qxg4 Nbc6 13. Qh5 Ne5 14. Be2 N7g6 15. Nf3 Nxf3+ 16. Qxf3 h5 17. Nd2 h4 18. Bf4 Nxf4 19. Qxf4 Bg5 20. Qf3 Bxd2+ 21. Kxd2 Bd7 22. h3 Qg5+ 23. Kc2 O-O-O 24. Rhg1 Bc6 25. Qd3 d5 26. e5 Qxe5 27. f4 Qxf4 28. b3 d4 29. Raf1 Qe5 30. Bg4 Be4 0-1


[Site "https://www.chess.com"]

[Event "Titled Tuesday Blitz November 01 Early 2022"]
[White "Kanyamarala, Tarun"]
[Black "Selkirk, Rebecca"]
[WhiteFideId "45004714"]
[BlackFideId "14306514"]
[WhiteElo "2307"]
[BlackElo "1649"]
[Result "1-0"]
[Round "03"]
[TimeControl "180+1"]
[Date "2022.11.02"]
[WhiteClock "0:00:22"]
[BlackClock "0:00:19"]

1. d4 d5 2. c4 c6 3. Nf3 Nf6 4. Qb3 e6 5. Nc3 Nbd7 6. Bg5 Be7 7. g3 O-O 8. Bg2 b6 9. O-O Bb7 10. Rfd1 Rc8 11. Rac1 Re8 12. Ne5 Nxe5 13. dxe5 Nd7 14. Bxe7 Qxe7 15. f4 f6 16. exf6 Qxf6 17. e4 d4 18. e5 Nc5 19. Qa3 Qd8 20. b4 Na6 21. c5 d3 22. Ne4 Qd4+ 23. Kh1 Red8 24. Nd6 Rxd6 25. cxd6 Nxb4 26. Qxa7 Ba8 27. Qe7 d2 28. Qxe6+ 1-0


[Site "https://www.chess.com"]

[Event "Titled Tuesday Blitz November 01 Early 2022"]
[White "Khalakhan, Jurij"]
[Black "Sargsyan, Anna M."]
[WhiteFideId "14142368"]
[BlackFideId "13308130"]
[WhiteElo "2208"]
[BlackElo "2284"]
[Result "0-1"]
[Round "03"]
[TimeControl "180+1"]
[Date "2022.11.02"]
[WhiteClock "0:00:38"]
[BlackClock "0:02:04"]

1. e4 c6 2. d4 d5 3. exd5 cxd5 4. c4 Nf6 5. Nc3 Nc6 6. Nf3 Bg4 7. cxd5 Nxd5 8. Qb3 Bxf3 9. gxf3 Nb6 10. d5 Nd4 11. Bb5+ Nd7 12. Qd1 Nxb5 13. Nxb5 g6 14. Qe2 Bg7 15. Nd6+ Kf8 16. Ne4 Qa5+ 17. Bd2 Qxd5 18. O-O Ne5 19. Rad1 Qd3 20. Qxd3 Nxd3 21. Bc3 Bxc3 22. Rxd3 Be5 23. Rd7 b6 24. Rc1 f6 25. b3 Kf7 26. Kf1 Rhd8 27. Rxd8 Rxd8 28. Ke2 g5 29. h3 h5 30. Rc4 h4 31. Ra4 Rd7 32. Rc4 e6 33. Rc6 Rc7 34. Rxc7+ Bxc7 35. Kd3 Be5 36. Kc4 a6 37. a4 Kg6 38. Nd2 Kf5 39. Kd3 Kf4 40. Ke2 f5 41. Nc4 Bc7 42. Kf1 Kxf3 43. b4 g4 44. hxg4 fxg4 0-1


[Site "https://www.chess.com"]

[Event "Titled Tuesday Blitz November 01 Early 2022"]
[White "Khamdamova, Afruza"]
[Black "Shandrygin, Nikita"]
[WhiteFideId "14210444"]
[BlackFideId "24198668"]
[WhiteElo "2018"]
[BlackElo "2323"]
[Result "0-1"]
[Round "03"]
[TimeControl "180+1"]
[Date "2022.11.02"]
[WhiteClock "0:01:05"]
[BlackClock "0:02:18"]

1. e4 c5 2. Nf3 e6 3. d4 cxd4 4. Nxd4 Nf6 5. Nc3 Nc6 6. Nxc6 bxc6 7. e5 Nd5 8. Ne4 Qc7 9. f4 Qb6 10. c4 Bb4+ 11. Ke2 f5 12. exf6 Nxf6 13. Be3 Qd8 14. Nd6+ Ke7 15. c5 Nd5 16. Qd4 Qf8 17. g3 Qf6 18. Bf2 Rf8 19. Bg2 e5 20. fxe5 Qxf2+ 21. Qxf2 Ba6+ 0-1


[Site "https://www.chess.com"]

[Event "Titled Tuesday Blitz November 01 Early 2022"]
[White "Kis, Lorand Bela"]
[Black "Devaev, Alexander"]
[WhiteFideId "2024098"]
[BlackFideId "4169395"]
[WhiteElo "2085"]
[BlackElo "2225"]
[Result "0-1"]
[Round "03"]
[TimeControl "180+1"]
[Date "2022.11.02"]
[WhiteClock "0:00:12"]
[BlackClock "0:00:42"]

1. d4 Nf6 2. c4 e6 3. a3 c5 4. d5 exd5 5. cxd5 d6 6. Nc3 g6 7. e4 Bg7 8. h3 O-O 9. Bg5 a6 10. Nf3 Re8 11. Bd3 b5 12. O-O h6 13. Bf4 Qb6 14. Re1 Nbd7 15. Qd2 Kh7 16. b4 Bb7 17. Rac1 Rac8 18. Bb1 a5 19. bxc5 Nxc5 20. Be3 Qa6 21. e5 dxe5 22. Bxc5 Rxc5 23. Nxe5 Rxe5 24. Rxe5 Qd6 25. Qe3 b4 26. axb4 axb4 27. Ne2 Rxc1+ 28. Nxc1 Nxd5 29. Rxd5 Qxd5 0-1


[Site "https://www.chess.com"]

[Event "Titled Tuesday Blitz November 01 Early 2022"]
[White "Korchmar, Vasiliy"]
[Black "Borgaonkar Akshay"]
[WhiteFideId "24131750"]
[BlackFideId "25639110"]
[WhiteElo "2370"]
[BlackElo "2063"]
[Result "1-0"]
[Round "03"]
[TimeControl "180+1"]
[Date "2022.11.02"]
[WhiteClock "0:01:01"]
[BlackClock "0:01:10"]

1. e4 c6 2. d4 d5 3. e5 Bf5 4. c4 dxc4 5. Bxc4 e6 6. Nc3 Nd7 7. Nge2 Ne7 8. Ng3 Bg6 9. O-O Nb6 10. Bb3 Ned5 11. f4 Qd7 12. Qf3 Be7 13. f5 exf5 14. Nxf5 Bxf5 15. Qxf5 Qxf5 16. Rxf5 Rd8 17. Ne4 O-O 18. Bd2 Nc7 19. Raf1 Ne6 20. Rxf7 Nd5 21. Bxd5 cxd5 22. Rxe7 Nxd4 23. Nc3 Nc6 24. Rxf8+ Rxf8 25. Rxb7 d4 26. Ne4 Nxe5 27. h3 Re8 28. Bf4 Nd3 29. Nd6 Re1+ 30. Kh2 h6 31. Bg3 Re2 32. Nf5 Rxb2 33. Rxb2 Nxb2 34. Nxd4 Kf7 35. Nc6 a6 36. Be1 Nd3 37. Bc3 Ke6 38. Bxg7 h5 39. Bc3 Kd5 40. Nb4+ Kc4 41. Nxd3 Kxd3 42. Be5 Ke4 43. Bf6 Kd3 44. Kg3 Kc2 45. a3 Kb3 46. Be7 Kc4 47. Kh4 Kd5 48. Kxh5 Ke6 49. Bb4 Kf7 50. Kg5 Kg8 51. Kg6 Kh8 52. h4 Kg8 53. h5 Kh8 54. h6 Kg8 55. h7+ Kh8 56. Bc3# 1-0


[Site "https://www.chess.com"]

[Event "Titled Tuesday Blitz November 01 Early 2022"]
[White "Kowalczyk, Pawel"]
[Black "Ronka, Erik"]
[WhiteFideId "1130641"]
[BlackFideId "505080"]
[WhiteElo "2324"]
[BlackElo "2264"]
[Result "1-0"]
[Round "03"]
[TimeControl "180+1"]
[Date "2022.11.02"]
[WhiteClock "0:00:43"]
[BlackClock "0:00:01"]

1. e4 c5 2. Ne2 e6 3. g3 d6 4. Bg2 Nf6 5. O-O Be7 6. c3 O-O 7. d4 d5 8. e5 Nfd7 9. Nd2 Nc6 10. Nf3 b5 11. h4 a5 12. Bf4 b4 13. Qd2 Ba6 14. Rfd1 a4 15. dxc5 Nxc5 16. Nfd4 Nxd4 17. Nxd4 bxc3 18. Qxc3 Qb6 19. Be3 Rab8 20. Rac1 Rfc8 21. Qd2 Qxb2 22. Rc2 Qb7 23. Rdc1 Nd3 24. Rxc8+ Rxc8 25. Rxc8+ Qxc8 26. Bf1 Nc5 27. Bxa6 Qxa6 28. Qb4 h6 29. Qb8+ Kh7 30. Qe8 Qb7 31. Qxf7 a3 32. h5 Ne4 33. Nxe6 1-0


[Site "https://www.chess.com"]

[Event "Titled Tuesday Blitz November 01 Early 2022"]
[White "Kuznetsova, Olga"]
[Black "Hoffmann, Asa"]
[WhiteFideId "4191323"]
[BlackFideId "2001470"]
[WhiteElo "2134"]
[BlackElo "2117"]
[Result "1/2-1/2"]
[Round "03"]
[TimeControl "180+1"]
[Date "2022.11.02"]
[WhiteClock "0:00:06"]
[BlackClock "0:00:56"]

1. d4 Nf6 2. g3 c6 3. Bg2 d6 4. e4 e5 5. dxe5 dxe5 6. Qe2 Be6 7. Nf3 Nbd7 8. O-O h6 9. c3 Qc7 10. Rd1 Bc5 11. h3 O-O 12. b4 Bb6 13. Nbd2 a5 14. a3 Rfd8 15. Nf1 c5 16. b5 c4 17. Be3 Nc5 18. Bxc5 Qxc5 19. a4 Rxd1 20. Rxd1 Rd8 21. Rxd8+ Bxd8 22. Qd1 Bb6 23. Qc2 Qxf2+ 24. Qxf2 Bxf2+ 25. Kxf2 Nxe4+ 26. Ke3 Nxc3 27. Nxe5 Nxa4 28. Bxb7 Nc5 29. Bc6 Bxh3 30. Nd2 c3 31. Ne4 Nxe4 32. Bxe4 a4 33. b6 Bc8 34. Kd3 f5 35. Bd5+ Kf8 36. Kxc3 Ke7 37. Nc4 g5 38. Kb4 h5 39. Kxa4 h4 40. gxh4 gxh4 41. Kb5 h3 42. Kc6 h2 43. Kc7 Ba6 44. Nd6 Kf6 45. Nb7 Ke5 46. Bh1 Kd4 47. Kd6 f4 48. Nc5 Bc8 49. Ne6+ Ke3 50. Kc7 Ba6 51. Nc5 f3 52. Nxa6 f2 53. b7 f1=Q 54. b8=Q Qxh1 55. Qb6+ Ke2 56. Qb5+ Kf2 57. Qc5+ Ke2 58. Qc2+ Ke3 59. Nc5 Qd5 60. Qxh2 Qxc5+ 61. Kd7 Qd5+ 62. Ke7 Qe4+ 1/2-1/2


[Site "https://www.chess.com"]

[Event "Titled Tuesday Blitz November 01 Early 2022"]
[White "Laohawirapap, Prin"]
[Black "Osinovsky, Stepan"]
[WhiteFideId "6205003"]
[BlackFideId "4157354"]
[WhiteElo "2113"]
[BlackElo "2222"]
[Result "1-0"]
[Round "03"]
[TimeControl "180+1"]
[Date "2022.11.02"]
[WhiteClock "0:01:54"]
[BlackClock "0:00:17"]

1. d4 Nf6 2. Bf4 g6 3. Nc3 Bg7 4. e4 O-O 5. e5 Ne8 6. Qd2 c5 7. dxc5 Qa5 8. h4 Nc6 9. Nf3 Qxc5 10. O-O-O Nxe5 11. Nxe5 Bxe5 12. Bxe5 Qxe5 13. h5 d6 14. Re1 Qf6 15. Nd5 Qg7 16. h6 Qe5 17. Nxe7+ Kh8 18. Rxe5 dxe5 19. Qc3 Bf5 20. Nxf5 gxf5 21. Qxe5+ f6 22. Qxf5 Nd6 23. Qd7 Nf7 24. Bc4 Rad8 25. Qg4 Ng5 26. f4 Rd4 27. Rd1 Rxc4 28. Qf5 Rc5 29. Qxf6+ Rxf6 30. Rd8+ Rf8 31. Rxf8# 1-0


[Site "https://www.chess.com"]

[Event "Titled Tuesday Blitz November 01 Early 2022"]
[White "Larina, Maria"]
[Black "Kotepalli, Sai Nirupama"]
[WhiteFideId "24113182"]
[BlackFideId "5039444"]
[WhiteElo "1848"]
[BlackElo "2395"]
[Result "0-1"]
[Round "03"]
[TimeControl "180+1"]
[Date "2022.11.02"]
[WhiteClock "0:01:16"]
[BlackClock "0:01:22"]

1. e4 c5 2. Nc3 e6 3. Nf3 Nc6 4. d4 cxd4 5. Nxd4 Nf6 6. Ndb5 Bb4 7. a3 Bxc3+ 8. Nxc3 d5 9. exd5 exd5 10. Bd3 d4 11. Ne2 O-O 12. O-O Bg4 13. f3 Be6 14. b4 a6 15. Bg5 h6 16. Bh4 g5 17. Bf2 Qd6 18. Ng3 Rad8 19. Nf5 Bxf5 20. Bxf5 Nd5 21. Re1 Qf4 22. Bd3 Ne3 23. Bxe3 dxe3 24. Qe2 Rfe8 25. g3 Qf6 26. Be4 Nd4 27. Qg2 Qg7 28. Bxb7 e2 29. c3 Nc2 30. Qf2 Nxa1 31. Rxa1 Qxc3 32. Re1 Rd1 0-1


[Site "https://www.chess.com"]

[Event "Titled Tuesday Blitz November 01 Early 2022"]
[White "Levitan, Caleb Levi"]
[Black "Stoleriu, George"]
[WhiteFideId "14332620"]
[BlackFideId "1227505"]
[WhiteElo "1963"]
[BlackElo "2292"]
[Result "0-1"]
[Round "03"]
[TimeControl "180+1"]
[Date "2022.11.02"]
[WhiteClock "0:00:13"]
[BlackClock "0:01:46"]

1. e4 c6 2. d4 d6 3. Nc3 Nf6 4. Bf4 Nbd7 5. Nf3 g6 6. Qd2 Bg7 7. O-O-O b5 8. e5 Nh5 9. exd6 Nxf4 10. Qxf4 O-O 11. dxe7 Qxe7 12. Bd3 b4 13. Ne4 Nb6 14. Qd6 Qxd6 15. Nxd6 Bg4 16. Be4 Rfd8 17. Nb7 Rdc8 18. h3 Be6 19. b3 Nd5 20. Bxd5 Bxd5 21. Nc5 Rd8 22. Nd3 Bxf3 23. gxf3 Rxd4 24. Rhe1 Rad8 25. f4 Bh6 26. Re7 Bxf4+ 27. Kb2 R8d7 28. Re8+ Kg7 29. Rc8 R4d6 30. Re1 Bd2 31. Re4 Bc3+ 32. Kb1 Rf6 33. f4 Rdd6 34. Rc7 Rfe6 35. Rxe6 Rxe6 36. Rxa7 Re3 37. a4 Rxh3 38. Rd7 Rh1+ 39. Nc1 Rh5 40. Ne2 Bf6 41. Rd6 Rc5 42. a5 Rxa5 43. Nd4 Rd5 44. Rxd5 cxd5 45. Nc6 h5 46. Kc1 h4 47. Nxb4 h3 48. Nd3 Bd4 49. Nf2 Bxf2 50. b4 h2 51. b5 h1=Q+ 52. Kb2 Qe4 53. b6 Qb4+ 54. Kc1 Be3+ 55. Kd1 Qd2# 0-1


[Site "https://www.chess.com"]

[Event "Titled Tuesday Blitz November 01 Early 2022"]
[White "Ljukin, Sergei"]
[Black "Lohani, Sujana"]
[WhiteFideId "14102200"]
[BlackFideId "12311987"]
[WhiteElo "2312"]
[BlackElo "1691"]
[Result "0-1"]
[Round "03"]
[TimeControl "180+1"]
[Date "2022.11.02"]
[WhiteClock "0:00:58"]
[BlackClock "0:00:18"]

1. e4 g6 2. d4 Bg7 3. Nc3 d6 4. f4 Nf6 5. Nf3 O-O 6. Be3 c5 7. dxc5 Qa5 8. Qd2 dxc5 9. O-O-O Nxe4 10. Nxe4 Qxa2 11. c3 Bf5 12. Bd3 Qa1+ 13. Kc2 Qa4+ 14. Kb1 Bxe4 15. Bxc5 Nc6 16. Qe2 Bxd3+ 17. Rxd3 Qxf4 18. Rhd1 Rfe8 19. Rd7 b6 20. Ba3 e5 21. Rf1 Qf5+ 22. Qd3 Qxd3+ 23. Rxd3 e4 24. Rd6 exf3 25. Rxc6 fxg2 26. Rg1 Re2 27. Rd6 Rae8 28. Rdd1 Be5 29. Rde1 Bxh2 0-1


[Site "https://www.chess.com"]

[Event "Titled Tuesday Blitz November 01 Early 2022"]
[White "Maghsoodloo, Parham"]
[Black "Lopez, Henry"]
[WhiteFideId "12539929"]
[BlackFideId "5203830"]
[WhiteElo "2676"]
[BlackElo "2177"]
[Result "0-1"]
[Round "03"]
[TimeControl "180+1"]
[Date "2022.11.02"]
[WhiteClock "0:00:08"]
[BlackClock "0:00:46"]

1. e4 c5 2. Nf3 d6 3. d4 cxd4 4. Nxd4 Nf6 5. Nc3 a6 6. Bg5 e6 7. Qe2 Be7 8. O-O-O h6 9. Bxf6 Bxf6 10. f4 Qb6 11. e5 dxe5 12. fxe5 Be7 13. g4 Bd7 14. Bg2 Nc6 15. Nxc6 Bxc6 16. Bxc6+ Qxc6 17. h4 Rc8 18. Kb1 Qc4 19. Qf3 b5 20. a3 a5 21. Qd3 b4 22. axb4 axb4 23. Ne4 Qxd3 24. cxd3 O-O 25. g5 h5 26. Ka2 Rfd8 27. Kb3 Rd5 28. d4 Rcd8 29. Kc4 Rc8+ 30. Kd3 Rcd8 31. Ke3 Kh7 32. Rd2 Kg6 33. Rc1 R8d7 34. Rc6 Ra7 35. Rf2 Rad7 36. Rd2 Ra7 37. Nf2 Kh7 38. Nd3 g6 39. Nf2 Kg7 40. Ne4 Rd8 41. Rdc2 Rad7 42. Rc7 Kf8 43. Rxd7 Rxd7 44. Rc8+ Rd8 45. Rxd8+ Bxd8 0-1


[Site "https://www.chess.com"]

[Event "Titled Tuesday Blitz November 01 Early 2022"]
[White "Makhmudov, Shukhrat"]
[Black "Pham, Khoi"]
[WhiteFideId "14200775"]
[BlackFideId "1054988"]
[WhiteElo "2135"]
[BlackElo "2461"]
[Result "0-1"]
[Round "03"]
[TimeControl "180+1"]
[Date "2022.11.02"]
[WhiteClock "0:00:17"]
[BlackClock "0:00:50"]

1. d4 f5 2. g3 Nf6 3. Bg2 g6 4. e3 Bg7 5. Nf3 O-O 6. O-O d6 7. c4 Qe8 8. Nc3 e5 9. dxe5 dxe5 10. e4 f4 11. Nd5 Nxd5 12. cxd5 Bg4 13. Qb3 b6 14. h3 Bd7 15. Bd2 Na6 16. Bc3 Nc5 17. Qc2 a5 18. b3 Qc8 19. Bxe5 Bxh3 20. Bxg7 Kxg7 21. Ng5 Bxg2 22. Kxg2 Qg4 23. Nh3 Nxe4 24. Rae1 Rae8 25. Qxc7+ Rf7 26. Qc6 Re5 27. f3 Qxg3+ 28. Kh1 Qxh3+ 29. Kg1 Qg3+ 30. Kh1 Rh5# 0-1


[Site "https://www.chess.com"]